 Dungeon Crawl Stone Soup version 0.28-a0-1415-g7c84da036a (webtiles) character file.

Game seed: 13591994737242737575

117 porpoise the Insei (level 4, 0/35 HPs)
             Began as a Demonspawn Transmuter on Jan 8, 2022.
             Splashed by a jelly's acid (5 damage)
             ... on level 3 of the Dungeon.
             The game lasted 00:11:23 (4102 turns).

porpoise the Insei (Demonspawn Transmuter)          Turns: 4102, Time: 00:11:25

Health: 0/35       AC: -7    Str: 13    XL:     4   Next: 71%
Magic:  6/7        EV: 11    Int: 18    God:
Gold:   210        SH:  0    Dex: 13    Spells: 4/7 levels left

rFire   . . .      SeeInvis .   b - +6 hand axe "Pojityla" {vorpal, Stlth+}
rCold   + . .      Faith    .   (no shield)
rNeg    . . .      Spirit   .   v - +1 leather armour of the Tusks {rC+ Int+4}
rPois   .          Reflect  .   (helmet currently unavailable)
rElec   .          Harm     .   (no cloak)
rCorr   .          Rampage  .   y - +0 pair of gloves
Will    .....                   (boots currently unavailable)
Stlth   ++........              (no amulet)
HPRegen 0.11/turn               (no ring)
MPRegen 0.10/turn               (no ring)

@: appendages, corroded
A: talons 2, antennae 1, hooves 1
a: End Transformation


You were on level 3 of the Dungeon.
You had temporarily grown beastly talons.
You visited 1 branch of the dungeon, and saw 4 of its levels.

You collected 210 gold pieces.

Inventory:

Hand Weapons
 b - the +6 hand axe "Pojityla" (weapon) {vorpal, Stlth+}
   (You found it on level 3 of the Dungeon)

   It inflicts extra damage upon your enemies.
   Stlth:     It makes you more stealthy.
Missiles
 i - 22 sling bullets
 m - 19 stones
 w - 32 arrows
 x - 21 bolts
Armour
 a - a +0 robe
 q - a +1 hat (melded)
 v - the +1 leather armour of the Tusks (worn) {rC+ Int+4}
   (You found it on level 3 of the Dungeon)

   Int:       It affects your intelligence (+4).
   rC:        It protects you from cold.
 y - a +0 pair of gloves (worn)
Magical Staves
 r - a staff of death
Jewellery
 g - an amulet of faith
Scrolls
 d - 2 scrolls of teleportation {unknown}
 e - 2 scrolls of noise {unknown}
 f - a scroll of amnesia {unknown}
 h - a scroll of vulnerability {unknown}
 j - a scroll of magic mapping {unknown}
 k - 2 scrolls of holy word {unknown}
 p - a scroll of brand weapon {unknown}
 s - a scroll of blinking {unknown}
Potions
 c - a potion of invisibility {unknown}
 l - a potion of mutation
 n - a potion of brilliance
 o - a potion of curing {unknown}
 t - a potion of degeneration {unknown}
 u - a potion of berserk rage {unknown}


   Skills:
 + Level 3.3 Fighting
 - Level 1.7 Dodging
 + Level 4.0 Unarmed Combat
 - Level 2.0 Spellcasting
 - Level 1.7 Transmutations


You had 4 spell levels left.
You knew the following spells:

 Your Spells              Type           Power      Damage    Failure   Level
a - Beastly Appendage     Tmut           16%        N/A       11%         1
w - Wereblood             Tmut           8%         N/A       17%         2

Your spell library contained the following spells:

 Spells                   Type           Power      Damage    Failure   Level
 Spider Form              Tmut/Pois      4%         N/A       43%         3
 Ice Form                 Ice/Tmut       4%         N/A       85%         4


Dungeon Overview and Level Annotations

Branches:
Dungeon (4/15)
 Temple: D:4-7

Altars:


Innate Abilities, Weirdness & Mutations

You have temporarily grown beastly talons.
You have a pair of small antennae on your head.
You have large cloven feet.


Message History

You start resting.
Magic restored.
You start resting.
Your talons disappear.
Your +1 hat unmelds from your body.
Unknown command.
Unknown command.
You start resting.
HP restored.
You start waiting.
Done waiting.
You climb downwards.
The jelly hits you. The acid corrodes you!
You are splashed with acid!
The jelly barely misses you.
There is a stone staircase leading up here.
The jelly completely misses you.
You climb upwards.
There is a stone staircase leading down here.
You completely miss the jelly. You kick the jelly.
The jelly is lightly wounded.
The jelly misses you.
You hit the jelly. The acid corrodes you!
Your hands burn!
The jelly is heavily wounded.
The jelly misses you.
Casting: Beastly Appendage (safe; 11% risk of failure)
Confirm with . or Enter, or press ? or * to list all spells.
Your feet morph into talons.
Your +1 hat melds into your body.
The jelly misses you.
You hit the jelly but do no damage. The acid corrodes you!
Your hands burn!
The jelly is heavily wounded.
The jelly hits you. The acid corrodes you!
You are splashed with acid!
* * * LOW HITPOINT WARNING * * *
You are too injured to fight recklessly!
You hit the jelly.
Your hands burn!
* * * LOW HITPOINT WARNING * * *
You claw the jelly, but do no damage.
The jelly is severely wounded.
The jelly hits you.
* * * LOW HITPOINT WARNING * * *
You are splashed with acid.
You die...

.....#####..# #.....#
####.# #..#
#.###.########### #.# #..#
#.###............ #.# #..#
#.#.......#######
####.#####..#####.#.#####.#
#...................# #.#
.......####.###..#### #.#
#.#..### #.# #.)# #.#
#.#..# #.###รท@# #.##
#.#..# #.##.J.# #..# .....#
#.##.#.# ##.# #.#.##
#.##.#.# #.# #.#.#
#####.##.#.# #.# #.#.#
#.....##.#.# #.# #.#.#
#.######.#.# ##### #.#
#.#.#
#.######.#.###...###.#
#.#.#
#.....##.#........##.######


You could see a jelly.

Vanquished Creatures
  A hound (D:3)
  3 adders
  A worm (D:2)
  10 endoplasms
  A giant cockroach (D:3)
  7 goblins
  7 hobgoblins
  A quokka (D:1)
  5 ball pythons
  8 bats
  5 frilled lizards
  2 kobolds
  3 rats
54 creatures vanquished.

Notes
Turn   | Place    | Note
-------+----------+-------------------------------------------
     0 | D:1      | porpoise the Demonspawn Transmuter began the quest for the
                  | Orb.
     0 | D:1      | Reached XP level 1. HP: 15/15 MP: 3/3
   271 | D:1      | Noticed an eye of devastation
   274 | D:1      | Found a faded altar of an unknown god.
   275 | D:1      | Noticed a great orb of eyes
   275 | D:1      | Noticed a floating eye
   275 | D:1      | Noticed a shining eye
   530 | D:1      | Reached skill level 3 in Unarmed Combat
   539 | D:1      | Discovered your monstrous ancestry.
   539 | D:1      | Lost mutation: You have razor-sharp toenails. [demonic
                  | ancestry]
   539 | D:1      | Lost mutation: You have sharp toenails. [demonic ancestry]
   539 | D:1      | Gained mutation: You have large cloven feet. [demonic
                  | ancestry]
   539 | D:1      | Reached XP level 2. HP: 21/21 MP: 3/5
  1928 | D:2      | Reached XP level 3. HP: 26/27 MP: 4/6
  2784 | D:3      | Lost mutation: You have a pair of horns on your head.
                  | [demonic ancestry]
  2784 | D:3      | Lost mutation: You have a pair of small horns on your head.
                  | [demonic ancestry]
  2784 | D:3      | Gained mutation: You have a pair of small antennae on your
                  | head. [demonic ancestry]
  2784 | D:3      | Reached XP level 4. HP: 22/34 MP: 4/7
  3200 | D:3      | Identified the +1 leather armour of the Tusks {rC+ Int+4}
  3232 | D:3      | Learned a level 2 spell: Wereblood
  3338 | D:3      | Identified the +6 hand axe "Pojityla" {vorpal, Stlth+}
  3769 | D:3      | Reached skill level 4 in Unarmed Combat
  4102 | D:3      | Splashed by a jelly's acid

Illustrated notes

Levels and vault maps discovered:
D:1:      matt_arrival_grand_opening, layout_basic,
          hellmonk_ecumenical_altar_watching_god, minivault_26, minmay_bisected
D:2:      kb_forest_paths, layout_loops_ring, minmay_stone_trees_small,
          hangedman_decor_points
D:3:      layout_loops_ring
D:4:      layout_cave_pools, serial_park, serial_park_square3
          [serial_park_minivault_5x5_8], serial_park_fountain,
          serial_park_square1 [serial_park_minivault_5x5_3],
          nicolae_figureground_sparkle, uniq_grinder

Skill      XL: |  1  2  3  4 |
---------------+-------------+-----
Unarmed Combat | 3 4 |  4.0
Fighting       | 2 3 |  3.3
Dodging        | |  1.7
Spellcasting   | |  2.0
Transmutations | |  1.7

Action                   |  1- 3 |  4- 6 || total
-------------------------+-------+-------++-------
Melee: Unarmed           |   111 |    17 ||   128
       Kick              |    25 |     9 ||    34
       Headbutt          |    18 |       ||    18
       Punch             |     2 |     2 ||     4
       Hand axe          |       |    20 ||    20
 Cast: Beastly Appendage |    29 |     7 ||    36
  Use: Scroll            |       |     2 ||     2
 Stab: Sleeping          |     2 |       ||     2
Armor: Robe              |    18 |     9 ||    27
       Leather armour    |       |     4 ||     4
Dodge: Dodged            |    50 |    35 ||    85

Table legend: (Time is in decaauts)
 A = Elapsed time spent in this place.
 B = Non-inter-level travel time spent in this place.
 C = Inter-level travel time spent in this place.
 D = Time resting spent in this place.
 E = Time spent auto-exploring this place.
 F = Levels seen in this place.
 G = Mean time per level.
                   A        B        C        D        E       F      G
               +--------+--------+--------+--------+--------+-----+--------+
         Total |   4100 |   4019 |     81 |   1532 |   1926 |   4 | 1025.0 |
       Dungeon |   4100 |   4019 |     81 |   1532 |   1926 |   4 | 1025.0 |
               +--------+--------+--------+--------+--------+-----+--------+

Top non-repeatable levels by time:
     D:1: 1637 daAuts
     D:3: 1570 daAuts
     D:2: 852 daAuts
     D:4: 39 daAuts
